 Dungeon Crawl Stone Soup version 0.31-a0-152-g6aa68a64a1 (webtiles) character file.

Game seed: 4472839003766765782

88 qw the Shooter (level 4, -1/40 HPs)
             Began as a Naga Hunter on June 9, 2023.
             Slain by a sleepcap (2 damage)
             ... on level 3 of the Dungeon.
             The game lasted 00:00:51 (2207 turns).

qw the Shooter (Naga Hunter)                        Turns: 2207, Time: 00:00:51

Health: -1/40      AC:  8    Str: 14    XL:     4   Next: 53%
Magic:  4/4        EV: 14    Int:  9    God:
Gold:   110        SH:  0    Dex: 16    Spells: 3/3 levels left

rFire   . . .        Y - +0 shortbow
rCold   . . .        (shield currently unavailable)
rNeg    . . .        c - +0 leather armour
rPois   +            e - +2 helmet
rElec   .            (no cloak)
rCorr   .            d - +2 pair of gloves
SInv    +            (no barding)
Will    .....        (no amulet)
Stlth   ++           a - +5 ring of evasion
HPRegen 0.26/turn    (no ring)
MPRegen 0.09/turn

%: no passive effects
@: very slow
A: AC +1, large, see invisible, deformed body, poison resistance, slowness 2,
spit poison 1, naga tail 1
a: Spit Poison


You were on level 3 of the Dungeon.
You visited 1 branch of the dungeon, and saw 4 of its levels.

You collected 151 gold pieces.
You spent 41 gold pieces at shops.


Innate Abilities, Weirdness & Mutations

Your serpentine skin is tough. (AC +1)
You have supernaturally acute eyesight. (SInv)
Armour fits poorly on your strangely shaped body.
Your system is resistant to poisons. (rPois)
You cover ground very slowly.
You can spit poison.
You have a snake-like lower body.


   Skills:
 + Level 2.7 Fighting
 - Level 5.0 Ranged Weapons
 - Level 1.5 Dodging
 - Level 1.5 Stealth


You had 3 spell levels left.
You didn't know any spells.
Your spell library was empty.

Inventory:

Hand Weapons
 Y - a +0 shortbow (weapon)
Armour
 c - a +0 leather armour (worn)
 d - a +2 pair of gloves (worn)
 e - a +2 helmet (worn)
Jewellery
 a - a +5 ring of evasion (left hand)
Potions
 b - a potion of ambrosia {unknown}
 g - a potion of brilliance {unknown}
 i - a potion of haste {unknown}
 k - 2 potions of might
 l - a potion of curing {unknown}

Dungeon Overview and Level Annotations

Branches:
Dungeon (4/15)             Temple (0/1) D:4

Altars:

Shops:
D:1 [*:

Annotations:
D:3 2 runed translucent doors


Message History

You shoot an arrow.
The arrow hits the sleepcap but does no damage.
The sleepcap is heavily damaged.
The sleepcap misses you.
You shoot an arrow.
The arrow hits the sleepcap but does no damage.
The sleepcap is heavily damaged.
The sleepcap closely misses you. The sleepcap releases spores at you.
You are engulfed in a cloud of soporific spores!
You are unaffected.
You shoot an arrow.
The arrow hits the sleepcap but does no damage.
The sleepcap is heavily damaged.
The sleepcap releases spores at you.
You are engulfed in a cloud of soporific spores!
You are unaffected.
You shoot an arrow. The arrow hits the sleepcap.
The sleepcap is heavily damaged.
The sleepcap closely misses you.
You shoot an arrow. The arrow hits the sleepcap.
The sleepcap is severely damaged.
The sleepcap releases spores at you.
You are engulfed in a cloud of soporific spores!
You fall asleep.
The sleepcap releases spores at you!!
You wake up.
You shoot an arrow. The arrow hits the sleepcap.
The sleepcap is almost destroyed.
The sleepcap barely misses you.
You shoot an arrow.
The arrow hits the sleepcap but does no damage.
The sleepcap is almost destroyed.
The sleepcap releases spores at you. The sleepcap barely misses you.
You shoot an arrow. The arrow hits the sleepcap.
The sleepcap is almost destroyed.
The sleepcap completely misses you.
You shoot an arrow. The arrow hits the sleepcap.
The sleepcap is almost destroyed.
You feel a little less mighty now. The sleepcap releases spores at you.
You die...

#.......######......'
#...................#
#.........######....#
#.........+..........
#(........######.).<.
#.........# ##'###
#.........# #.....
##...f##### #.....
#..@'# ####....#
#..)########.......#
#)....##.<.....#.#.#
#...#.##.......###.#
#...#.##............
###.#.##.......#.#..
#.#.##########.#.#
#.#.##########.#.#
#####.#.....#......#.#


You could see a sleepcap.

Vanquished Creatures
  An adder (D:2)
  A worm (D:2)
  A dart slug (D:3)
  4 orcs (D:3)
  2 endoplasms
  5 giant cockroaches
  10 goblins
  6 hobgoblins
  4 jackals (D:2)
  7 kobolds
  2 quokkas
  8 ball pythons
  5 bats
  2 frilled lizards (D:2)
  5 rats
63 creatures vanquished.

Notes
Turn   | Place    | Note
-------+----------+-------------------------------------------
     0 | D:1      | qw the Naga Hunter began the quest for the Orb.
     0 | D:1      | Reached XP level 1. HP: 19/19 MP: 1/1
     0 | D:1      | 0 ||| qw: Version: 0.2-a-122-gbc61b45
     0 | D:1      | 0 ||| qw: Game counter: 3384
     0 | D:1      | 0 ||| qw: Always use a shield: true
     0 | D:1      | 0 ||| qw: God list: Okawaru
     0 | D:1      | 0 ||| qw: Allow faded altars: false
     0 | D:1      | 0 ||| qw: Do Orc after D:15 true
     0 | D:1      | 0 ||| qw: Do second Lair branch before Depths: true
     0 | D:1      | 0 ||| qw: Lair rune preference: random
     0 | D:1      | 0 ||| qw: Plans: Normal
     0 | D:1      | 0 ||| PLANNING D:1-11
    43 | D:1      | 43 ||| INVOKING Spit Poison.
    46 | D:1      | 46 ||| INVOKING Spit Poison.
    74 | D:1      | 74 ||| INVOKING Spit Poison.
    80 | D:1      | 80 ||| INVOKING Spit Poison.
    81 | D:1      | Reached skill level 4 in Ranged Weapons
    81 | D:1      | Reached XP level 2. HP: 26/26 MP: 2/2
   152 | D:1      | 152 ||| INVOKING Spit Poison.
   190 | D:1      | 190 ||| INVOKING Spit Poison.
   194 | D:1      | 194 ||| INVOKING Spit Poison.
   209 | D:1      | Found Jyloh's Assorted Antiques.
   212 | D:1      | 212 ||| BUYING glowing purple potion (19 gold).
   212 | D:1      | Bought a glowing purple potion for 19 gold pieces
   212 | D:1      | 212 ||| SHOPLISTING runed leather armour (110 gold, have
                  | 35).
   212 | D:1      | 212 ||| BUYING scroll labelled PUCYAB ZIECEJU (22 gold).
   212 | D:1      | Bought a scroll labelled PUCYAB ZIECEJU for 22 gold pieces
   212 | D:1      | 212 ||| SHOPLISTING scroll labelled RAUTUF QOE (22 gold,
                  | have 13).
   212 | D:1      | 212 ||| SHOPLISTING scroll labelled TIYSUE JIMEO (22 gold,
                  | have 13).
   216 | D:1      | 216 ||| INVOKING Spit Poison.
   262 | D:1      | 262 ||| INVOKING Spit Poison.
   278 | D:1      | 278 ||| INVOKING Spit Poison.
   319 | D:1      | 319 ||| INVOKING Spit Poison.
   320 | D:1      | 320 ||| INVOKING Spit Poison.
   429 | D:1      | 429 ||| INVOKING Spit Poison.
   448 | D:1      | 448 ||| INVOKING Spit Poison.
   449 | D:1      | Found Laducip's Book Boutique.
   504 | D:1      | Found Ziuta's Armour Shoppe.
   505 | D:1      | 505 ||| INVOKING Spit Poison.
   506 | D:1      | 506 ||| INVOKING Spit Poison.
   514 | D:1      | 514 ||| INVOKING Spit Poison.
   519 | D:1      | 519 ||| SHOPLISTING +0 pair of gloves (58 gold, have 13).
   521 | D:1      | 521 ||| INVOKING Spit Poison.
   524 | D:1      | Reached XP level 3. HP: 32/32 MP: 3/3
   666 | D:1      | 666 ||| UPGRADING to +0 helmet.
   671 | D:1      | 671 ||| READING scroll labelled EWIOTA FUXZIPP.
   672 | D:1      | 672 ||| READING scroll labelled NUOCRUROT.
   673 | D:1      | 673 ||| READING scroll labelled BUCISKYUFU.
   674 | D:1      | 674 ||| READING scroll labelled PUCYAB ZIECEJU.
   675 | D:1      | 675 ||| DROPPING scroll of butterflies.
   704 | D:2      | 704 ||| INVOKING Spit Poison.
   711 | D:2      | 711 ||| INVOKING Spit Poison.
   767 | D:2      | 767 ||| INVOKING Spit Poison.
   772 | D:2      | 772 ||| INVOKING Spit Poison.
   775 | D:2      | 775 ||| INVOKING Spit Poison.
   843 | D:2      | 843 ||| INVOKING Spit Poison.
   856 | D:2      | 856 ||| INVOKING Spit Poison.
   889 | D:2      | 889 ||| INVOKING Spit Poison.
   898 | D:2      | 898 ||| INVOKING Spit Poison.
   904 | D:2      | 904 ||| INVOKING Spit Poison.
   958 | D:2      | 958 ||| INVOKING Spit Poison.
   963 | D:2      | 963 ||| INVOKING Spit Poison.
  1001 | D:2      | Identified the +2 plate armour of the Armoured One {Int+3}
  1146 | D:2      | 1146 ||| INVOKING Spit Poison.
  1159 | D:2      | 1159 ||| UPGRADING to +2 pair of gloves.
  1164 | D:2      | 1164 ||| READING scroll labelled FAOXE LERURHIRGHI.
  1165 | D:2      | 1165 ||| READING scroll labelled ROLEAN HUN OMU.
  1166 | D:2      | 1166 ||| READING scroll labelled RITIUR TODO.
  1173 | D:2      | 1173 ||| STAIRDANCE
  1198 | D:2      | 1198 ||| INVOKING Spit Poison.
  1309 | D:2      | 1309 ||| INVOKING Spit Poison.
  1312 | D:2      | 1312 ||| INVOKING Spit Poison.
  1334 | D:2      | 1334 ||| INVOKING Spit Poison.
  1335 | D:2      | Reached skill level 5 in Ranged Weapons
  1335 | D:2      | Reached XP level 4. HP: 39/39 MP: 4/4
  1424 | D:2      | 1424 ||| INVOKING Spit Poison.
  1596 | D:3      | 1596 ||| INVOKING Spit Poison.
  1601 | D:3      | 1601 ||| INVOKING Spit Poison.
  1630 | D:3      | 1630 ||| INVOKING Spit Poison.
  1682 | D:3      | 1682 ||| INVOKING Spit Poison.
  1721 | D:3      | 1721 ||| INVOKING Spit Poison.
  1746 | D:3      | 1746 ||| INVOKING Spit Poison.
  1752 | D:3      | 1752 ||| INVOKING Spit Poison.
  1782 | D:3      | 1782 ||| INVOKING Spit Poison.
  1785 | D:3      | 1785 ||| INVOKING Spit Poison.
  1800 | D:3      | 1800 ||| INVOKING Spit Poison.
  1849 | D:3      | 1849 ||| INVOKING Spit Poison.
  1855 | D:3      | 1855 ||| INVOKING Spit Poison.
  1858 | D:3      | 1858 ||| INVOKING Spit Poison.
  1863 | D:3      | 1863 ||| INVOKING Spit Poison.
  1891 | D:3      | 1891 ||| INVOKING Spit Poison.
  1895 | D:3      | 1895 ||| INVOKING Spit Poison.
  1899 | D:3      | 1899 ||| INVOKING Spit Poison.
  1910 | D:3      | 1910 ||| INVOKING Spit Poison.
  1924 | D:3      | 1924 ||| INVOKING Spit Poison.
  1959 | D:3      | Found a large runed translucent door.
  1959 | D:3      | Found a large runed translucent door.
  2017 | D:3      | 2017 ||| INVOKING Spit Poison.
  2159 | D:3      | 2159 ||| UPGRADING to +2 helmet.
  2169 | D:3      | 2169 ||| DROPPING +0 helmet.
  2170 | D:3      | 2170 ||| UPGRADING to +5 ring of evasion.
  2171 | D:3      | 2171 ||| DRINKING 3 inky potions.
  2188 | D:4      | Found a staircase to the Ecumenical Temple.
  2189 | D:4      | 2189 ||| PLANNING TEMPLE
  2189 | D:4      | 2189 ||| STAIRDANCE
  2191 | D:3      | 2191 ||| INVOKING Spit Poison.
  2203 | D:3      | HP: 6/40 [sleepcap (18)]
  2205 | D:3      | HP: 1/40 [sleepcap (6)]
  2207 | D:3      | Slain by a sleepcap

Levels and vault maps discovered:
D:1:      elethiomel_arrival_shortcut, layout_loops_ring, serial_shops,
          nicolae_shop_tiny_statue_garden, nicolae_shop_window_shopping, shop,
          hex_large
D:2:      layout_basic
D:3:      corexii_shack_village, layout_basic, jmf_multi_god_temple2
D:4:      layout_layer_cave, minmay_temple_entry_oklob

Skill      XL: |  1  2  3 |
---------------+----------+-----
Ranged Weapons | 4 5 |  5.0
Fighting       | |  2.7
Dodging        | |  1.5
Stealth        | |  1.5

Action                     |  1- 3 |  4- 6 || total
---------------------------+-------+-------++-------
   Fire: Shortbow          |    67 |    45 ||   112
Ability: Spit Poison       |    33 |    22 ||    55
    Use: Scroll            |     7 |       ||     7
         Potion            |       |     1 ||     1
 Armour: Leather armour    |     7 |    10 ||    17
  Dodge: Dodged            |    10 |    17 ||    27

Table legend:
 A = Non-vault XP
 B = Vault XP
 C = Vault XP percentage of total XP
 D = Non-vault monster count
 E = Vault monster count
 F = Vault count percentage of total count
                 A         B        C        D         E       F
            +---------+---------+-------+---------+---------+-------
      Total |     108 |      18 |  14.3 |      55 |       8 |  12.7
            +---------+---------+-------+---------+---------+-------
        D:1 |      34 |       0 |   0.0 |      21 |       0 |   0.0
        D:2 |      49 |       0 |   0.0 |      21 |       0 |   0.0
        D:3 |      25 |      18 |  41.9 |      13 |       8 |  38.1
            +---------+---------+-------+---------+---------+-------
